 Dungeon Crawl Stone Soup version 0.31-a0-574-g69dc8cc98e (webtiles) character file.

Game seed: 15146288994664886698

1465 ytrimaz the Nimble (level 8, -1/48 HPs)
             Began as an Octopode Shapeshifter on Aug 18, 2023.
             Slain by an ice beast (8 damage)
             ... on level 5 of the Dungeon.
             The game lasted 00:04:19 (3717 turns).

ytrimaz the Nimble (Octopode Shapeshifter)          Turns: 3717, Time: 00:04:19

Health: -1/48      AC:  1    Str: 15      XL:     8   Next: 77%
Magic:  8/8        EV: 16    Int:  9 (10) God:
Gold:   237        SH:  0    Dex: 13 (14) Spells: 7/7 levels left

rFire   + .          .
                       - Unarmed
rCold   . . .        (no shield)
rNeg    . . .        (helmet currently unavailable)
rPois   .            d - amulet of regeneration
rElec   .            k - ring of protection from fire
rCorr   .            (no ring)
SInv    .            (no ring)
Will    .....        (no ring)
Stlth   ++           (no ring)
HPRegen 1.08/turn    (no ring)
MPRegen 0.11/turn    (no ring)
                     (no ring)

%: no passive effects
@: beast-form
A: beast (slay +4), almost no armour, amphibious, 8 rings, camouflage 1,
gelatinous body 1, (nimble swimmer 1), tentacles
a: Begin Untransformation


You were on level 5 of the Dungeon.
You were a hulking beast.
You visited 2 branches of the dungeon, and saw 6 of its levels.

You collected 237 gold pieces.


Innate Abilities, Weirdness & Mutations

You are a hulking beast.
Your limbs bulge with bestial killing power. (Slay +4)
You cannot wear most types of armour.
You are amphibious.
You can wear up to eight rings at the same time.
Your skin changes colour to match your surroundings (Stealth+).
Your rubbery body absorbs attacks. (AC +1, EV +1)
((You are camouflaged when in or above water. (Stealth+)))
You have tentacles for arms and can constrict up to eight enemies at once.


   Skills:
 - Level 1.0 Fighting
 + Level 8.7 Dodging
 - Level 3.4 Unarmed Combat
 - Level 6.0 Shapeshifting


You had 7 spell levels left.
You didn't know any spells.
Your spell library was empty.

Inventory:

Jewellery
 d - an amulet of regeneration (around mantle)
   (You found it on level 2 of the Dungeon)
 k - a ring of protection from fire (left tentacle)
   (You found it on level 5 of the Dungeon)
Talismans
 b - a beast talisman (active)
 c - a flux talisman
Wands
 h - a wand of roots (9)
   (You took it off Ijyb on level 4 of the Dungeon)
 p - a wand of mindburst (7) (quivered)
   (You found it on level 4 of the Dungeon)
Scrolls
 a - a scroll of enchant armour {unknown}
 e - a scroll of enchant weapon {unknown}
 g - a scroll of revelation
 j - a scroll of teleportation {unknown}
 l - a scroll of vulnerability
 m - a scroll of poison {unknown}
 n - a scroll of identify
 o - a scroll of summoning {unknown}
 q - a scroll of noise {unknown}
 r - a scroll of blinking
Potions
 f - a potion of cancellation
 i - a potion of magic

Dungeon Overview and Level Annotations

Branches:
Dungeon (5/15) Zot: 26305  Temple (1/1) D:5 Zot: 5990

Altars:
Cheibriados
Dithmenos
Kikubaaqudgha
Makhleb
Ru
Sif Muna
Trog
Uskayaw
Vehumet
Xom
The Shining One

Shops:
D:1 :**!:   D:3 ?

Annotations:
D:2 1 runed translucent door, Crazy Yiuf
D:5 Sigmund

#.# #......
####.###.##.#.###
#........>#.#)...
#####.##.###..#.###.#
#.....##.............
#...#.######..#.####.
#.#.8.## #..#.# #.
#......# #....# #.
##8Yh.8# #.#### #.
#.....# #.# #.
##.8.######.##### #.
###..........).# #.
########.###.# #.
#.....# #. ####..###.
#..<... ##.###.


You could see an ice beast.


Message History

😮 HP[+1] 😕 HP[+1] 😕 HP[+1]
You see here a ring of protection from fire. 😕 HP[+1]
k - a ring of protection from fire The white imp closely misses you. 😕 HP[+1]
You barely miss the white imp. Your grab misses the white imp.
The white imp misses you. 😕 HP[+1]
You closely miss the white imp. You grab the white imp.
You constrict the white imp. 😕 HP[+1]
You tentacle-slap the white imp but do no damage.
You squeeze the white imp!
You kill the white imp! 😕 HP[+1] 😕 HP[+1]
k - a ring of protection from fire (left tentacle) 😕 HP[+1] 😕 HP[+1]
You see here 8 stones.
Found a stone staircase leading up. 😎 HP[+2]
Your hp is fully restored (48).
Sigmund is nearby!
Sigmund is nearby!
A hound comes into view.
You see here a scroll of identify.
n - a scroll of identify The hound barks!
You bludgeon the hound! You grab the hound. You constrict the hound.
The hound barely misses you.
You tentacle-slap the hound.
You kill the hound!
No target in view!
No target in view!
Found a stone staircase leading down.
o - a scroll labelled NOFAVU YPRASCH
Found a staircase to the Ecumenical Temple.
An ice beast comes into view.
Unknown command.
There is a staircase to the Ecumenical Temple here.
An ice beast is nearby!
Unknown command.
You climb downwards.
Welcome to the Ecumenical Temple!
Found a staircase back to the Dungeon.
There is a staircase back to the Dungeon here.
Done exploring.
Done exploring.
Done exploring.
Okay, then.
Search for what [? for help]? ash Can't find anything matching that.
Done exploring.
Done exploring.
There is a staircase back to the Dungeon here.
You climb upwards.
Welcome back to the Dungeon!
Level annotation: Sigmund The ice beast completely misses you.
The ice beast hits you. The ice beast freezes you!
There is a staircase to the Ecumenical Temple here. 😮 HP[-15]
You take 15 damage, and now have 33/48 hp.
MASSIVE DAMAGE!! (PAUSE)
You tentacle-slap the ice beast. The ice beast hits you.
The ice beast freezes you!
* * * LOW HITPOINT WARNING * * *
😨 HP[-15]
You take 15 damage, and now have 18/48 hp.
MASSIVE DAMAGE!! (PAUSE)
You tentacle-slap the ice beast. The ice beast hits you.
* * * LOW HITPOINT WARNING * * *
The ice beast freezes you!
* * * LOW HITPOINT WARNING * * *
😱 HP[-13]
You take 13 damage, and now have 5/48 hp.
MASSIVE DAMAGE!! (PAUSE)
You tentacle-slap the ice beast but do no damage.
The ice beast barely misses you. 😱 HP[+1] Unknown command.
Okay, then.
Okay, then.
Aiming: Mindburst
Press: ? - help, Q - select action, (/) - cycle Shift-Dir - straight line, f - ice beast
Aim: an ice beast (moderately wounded, chance to affect: 64%)
The ice beast's mind is blasted!
The ice beast closely misses you. 😱 HP[+1] Unknown command.
Aiming: Mindburst
Press: ? - help, Q - select action, (/) - cycle Shift-Dir - straight line, f/p - ice beast
Aim: an ice beast (severely wounded, chance to affect: 64%)
The ice beast struggles to resist.
The ice beast hits you.
* * * LOW HITPOINT WARNING * * *
The ice beast freezes you!
You die...

Skill      XL: |  1  2  3  4  5  6  7  8 |
---------------+-------------------------+-----
Dodging        | 3 4 6 8 |  8.7
Shapeshifting  | 4 5 6 |  6.0
Fighting       | |  1.0
Unarmed Combat | |  3.4

Action                     |  1- 3 |  4- 6 |  7- 9 || total
---------------------------+-------+-------+-------++-------
  Melee: Unarmed           |    71 |    55 |    74 ||   200
         Constrict         |    16 |    12 |    13 ||    41
         Tentacles         |    10 |     8 |    18 ||    36
         Punch             |     1 |     3 |     6 ||    10
  Evoke: Wand              |       |       |     2 ||     2
    Use: Scroll            |     4 |     2 |     1 ||     7
         Potion            |       |     3 |     7 ||    10
   Stab: Sleeping          |    11 |     2 |     3 ||    16
         Distracted        |       |       |     1 ||     1
 Armour: Skin              |     5 |     6 |    11 ||    22
  Dodge: Dodged            |    42 |    31 |    49 ||   122

Levels and vault maps discovered:
D:1:      dpeg_arrival_simpleton_c, layout_loops_ring, serial_shops,
          nicolae_shop_window_shopping, shop, nicolae_shop_back_alley_shop,
          nicolae_diamond_shop, shop, shapermc_ecumenical_altar_totnotflames,
          hangedman_decor_lopped, serial_bayou_ford_a, minmay_3d_cube
D:2:      layout_loops_corners, basic_altar, minmay_strange_pillars,
          chequers_mini_garden, uniq_crazy_yiuf_cottage
D:3:      layout_basic, serial_shops, nicolae_shop_real_fake_doors
D:4:      layout_loops_ring, kennysheep_path_1, uniq_blork_the_orc,
          uniq_menkaure, uniq_ijyb
D:5:      layout_loops_ring, nicolae_elyvilon_peaceful_grove,
          nicolae_overflow_hallway_of_the_gods,
          minmay_temple_entry_statues_pillars, minmay_statues_item, uniq_pikel,
          uniq_duvessa, uniq_sigmund
Temple:   bh_familiar_temple

Notes
Turn   | Place    | Note
-------+----------+-------------------------------------------
     0 | D:1      | ytrimaz the Octopode Shapeshifter began the quest for the
                  | Orb.
     0 | D:1      | Reached XP level 1. HP: 13/13 MP: 1/1
     0 | D:1      | magus.rc [v1.9.6]
    34 | D:1      | Found Wino's Distillery.
    62 | D:1      | Found Jetreaho's Book Emporium.
   108 | D:1      | Found Xoteorai's Assorted Antiques.
   249 | D:1      | Found Todov's General Store.
   376 | D:1      | Found Uhoczios's Book Boutique.
   401 | D:1      | Reached XP level 2. HP: 18/18 MP: 2/2
   456 | D:1      | Found a faded altar of an unknown god.
   867 | D:2      | Reached XP level 3. HP: 12/23 MP: 3/3
  1399 | D:2      | Found a bloodstained altar of Trog.
  1586 | D:2      | Found a runed translucent door.
  1587 | D:2      | Noticed Crazy Yiuf
  1808 | D:3      | Reached XP level 4. HP: 27/28 MP: 4/4
  1966 | D:3      | Reached skill level 3 in Dodging
  2114 | D:3      | Reached skill level 4 in Shapeshifting
  2229 | D:3      | Found Tagiwa's Magic Scroll Boutique.
  2564 | D:3      | Noticed a phantom
  2572 | D:3      | Killed a phantom
  2573 | D:3      | Reached XP level 5. HP: 33/33 MP: 5/5
  2663 | D:4      | Reached XP level 6. HP: 36/38 MP: 6/6
  2667 | D:4      | Reached skill level 4 in Dodging
  2667 | D:4      | Reached skill level 5 in Shapeshifting
  2703 | D:4      | HP: 14/57 [ogre/+0 giant spiked club (12)]
  2706 | D:4      | Reached XP level 7. HP: 26/43 MP: 7/7
  2998 | D:4      | Reached skill level 6 in Shapeshifting
  3266 | D:4      | Reached skill level 5 in Dodging
  3268 | D:4      | Noticed Menkaure
  3276 | D:4      | Killed Menkaure
  3336 | D:4      | Noticed Ijyb
  3337 | D:4      | Noticed Blork the orc
  3347 | D:4      | Killed Ijyb
  3356 | D:4      | Killed Blork the orc
  3357 | D:4      | Reached skill level 6 in Dodging
  3357 | D:4      | Reached XP level 8. HP: 17/48 MP: 8/8
  3557 | D:5      | Entered Level 5 of the Dungeon
  3557 | D:5      | Noticed Pikel
  3569 | D:5      | HP: 10/48 [Pikel/+2 whip of flaming (3)]
  3578 | D:5      | HP: 9/48 [ice beast (9)]
  3592 | D:5      | Killed Pikel
  3593 | D:5      | Reached skill level 8 in Dodging
  3636 | D:5      | Noticed Sigmund
  3692 | D:5      | Found a staircase to the Ecumenical Temple.
  3702 | Temple   | Entered the Ecumenical Temple
  3714 | D:5      | HP: 5/48 [ice beast (12)]
  3717 | D:5      | Slain by an ice beast

Vanquished Creatures
  Pikel (D:5)
  Menkaure (D:4)
  2 ice beasts
  An ogre (D:4)
  2 lemures (D:5)
  A phantom (D:3)
  Blork the orc (D:4)
  2 scorpions (D:4)
  2 howler monkeys (D:4)
  2 hounds
  An orc priest (D:4)
  Ijyb (D:4)
  An iguana (D:4)
  An orc wizard (D:4)
  2 adders
  A white imp (D:5)
  2 worms (D:2)
  4 orcs
  5 ball pythons
  3 bats
  10 endoplasms
  8 giant cockroaches
  3 goblins
  5 hobgoblins
  4 jackals (D:2)
  4 kobolds
  3 quokkas
  3 frilled lizards
  3 rats
79 creatures vanquished.

Table legend:
 A = Non-vault XP
 B = Vault XP
 C = Vault XP percentage of total XP
 D = Non-vault monster count
 E = Vault monster count
 F = Vault count percentage of total count
                 A         B        C        D         E       F
            +---------+---------+-------+---------+---------+-------
      Total |    1100 |     993 |  47.4 |      68 |       9 |  11.7
            +---------+---------+-------+---------+---------+-------
        D:1 |      14 |       8 |  36.4 |       8 |       5 |  38.5
        D:2 |      48 |       0 |   0.0 |      22 |       0 |   0.0
        D:3 |     182 |       0 |   0.0 |      13 |       0 |   0.0
        D:4 |     670 |     300 |  30.9 |      22 |       3 |  12.0
        D:5 |     186 |     685 |  78.6 |       3 |       1 |  25.0
            +---------+---------+-------+---------+---------+-------

Skill      XL: |  1  2  3  4  5  6  7  8 |
---------------+-------------------------+-----
Dodging        | 3 4 6 8 |  8.7
Shapeshifting  | 4 5 6 |  6.0
Fighting       | |  1.0
Unarmed Combat | |  3.4

Action                     |  1- 3 |  4- 6 |  7- 9 || total
---------------------------+-------+-------+-------++-------
  Melee: Unarmed           |    71 |    55 |    74 ||   200
         Constrict         |    16 |    12 |    13 ||    41
         Tentacles         |    10 |     8 |    18 ||    36
         Punch             |     1 |     3 |     6 ||    10
  Evoke: Wand              |       |       |     2 ||     2
    Use: Scroll            |     4 |     2 |     1 ||     7
         Potion            |       |     3 |     7 ||    10
   Stab: Sleeping          |    11 |     2 |     3 ||    16
         Distracted        |       |       |     1 ||     1
 Armour: Skin              |     5 |     6 |    11 ||    22
  Dodge: Dodged            |    42 |    31 |    49 ||   122

Illustrated notes

Table legend:
 A = Kills in this place as a percentage of kills in the entire game.
 B = Kills by you in this place as a percentage of kills by you in the entire game.
 C = Kills by friends in this place as a percentage of kills by friends in the entire game.
 D = Other kills in this place as a percentage of other kills in the entire game.
 E = Experience gained in this place as a percentage of experience gained in the entire game.
 F = Experience gained in this place divided by the number of levels of this place that you have seen.
                   A       B       C       D       E      F
               +-------+-------+-------+-------+-------+----------------------
         Total | 100.0 | 100.0 |   N/A |   N/A | 100.0 | 348.8
       Dungeon | 100.0 | 100.0 |   N/A |   N/A | 100.0 | 418.6
               +-------+-------+-------+-------+-------+----------------------

Table legend: (Time is in decaauts)
 A = Elapsed time spent in this place.
 B = Non-inter-level travel time spent in this place.
 C = Inter-level travel time spent in this place.
 D = Time resting spent in this place.
 E = Time spent auto-exploring this place.
 F = Levels seen in this place.
 G = Mean time per level.
                   A        B        C        D        E       F      G
               +--------+--------+--------+--------+--------+-----+--------+
         Total |   3703 |   3612 |     91 |      0 |   3011 |   6 |  617.2 |
       Dungeon |   3693 |   3602 |     91 |      0 |   3011 |   5 |  738.6 |
        Temple |      9 |      9 |      0 |      0 |      0 |   1 |    9.0 |
               +--------+--------+--------+--------+--------+-----+--------+

Top non-repeatable levels by time:
     D:3: 950 daAuts
     D:2: 940 daAuts
     D:4: 897 daAuts
     D:1: 756 daAuts
     D:5: 148 daAuts
  Temple: 9 daAuts
